 Dungeon Crawl Stone Soup version 0.30-a0-165-g1891117ce2 (webtiles) character file.

Game seed: 3260013558246685931

537192 KennySheep the Tengu Blade (level 25, -8/163 HPs)
             Began as a Tengu Hunter on Sept 28, 2022.
             Was the Champion of Trog.
             Mangled by a green draconian monk (29 damage)
             ... on level 1 of the Realm of Zot on Sept 29, 2022.
             The game lasted 04:12:11 (52713 turns).

KennySheep the Tengu Blade (Tengu Hunter)          Turns: 52713, Time: 04:12:11

Health: -8/163     AC: 31    Str: 25    XL:     25   Next: 85%
Magic:  24/24      EV: 35    Int: 15    God:    Trog [******]
Gold:   3165       SH:  0    Dex: 32    Spells: 24/24 levels left

rFire   + . .      SeeInvis +    b - +7 triple sword (vamp)
rCold   . . .      Faith    .    (shield currently unavailable)
rNeg    . . .      Spirit   .    N - +5 storm dragon scales
rPois   .          Reflect  .    T - +2 hat {Stlth+}
rElec   +          Harm     .    W - +0 cloak "Duafu Oke" {Str+7 Int+6}
rCorr   .          Rampage  .    P - +0 pair of gloves
Will    ++...                    (boots unavailable)
Stlth   ++++++....               J - amulet "Fetyussas" {Regen+ Dex+4}
HPRegen 1.17/turn                F - ring of Benevolence {Contam rF+ Str+6 Slay+3}
MPRegen 0.19/turn                d - ring of see invisible

@: about to teleport, flying quickly and evasively, studying 3 skills, quick
A: beak, talons 3, nimble flight, dopey 1, strong-willed 1, wild magic 1,
MP-powered wands
}: 3/15 runes: decaying, serpentine, silver
a: Renounce Religion, Berserk, Trog's Hand, Brothers in Arms


You were on level 1 of the Realm of Zot.
You worshipped Trog.
Trog was exalted by your worship.
You visited 10 branches of the dungeon, and saw 47 of its levels.
You also visited: Ice Cave and Desolation.

You collected 6391 gold pieces.
You spent 3226 gold pieces at shops.

Inventory:

Hand Weapons
 a - the +7 arbalest of Dishonesty {flame, rC+ Will+++ Stlth+}
   (You acquired it on level 8 of the Dungeon)

   Any ammunition fired from it burns those it strikes, dealing additional fire
   damage.
   rC:        It protects you from cold.
   Will:      It greatly increases your willpower.
   Stlth:     It makes you more stealthy.
 b - a +7 vampiric triple sword (weapon)
 w - the +10 rapier of the Twisting Butterfly {vorpal, rC+ rCorr SInv}
   (You found it on level 3 of the Vaults)

   It inflicts extra damage upon your enemies.
   rC:        It protects you from cold.
   SInv:      It lets you see invisible.
   rCorr:     It protects you from acid and corrosion.
Armour
 N - +5 storm dragon scales (worn)
 P - a +0 pair of gloves (worn)
 T - a +2 hat of stealth (worn)
 W - the +0 cloak "Duafu Oke" (worn) {Str+7 Int+6}
   (You found it on level 4 of the Depths)

   Str:       It affects your strength (+7).
   Int:       It affects your intelligence (+6).
Jewellery
 d - a ring of see invisible (right hand)
 F - the ring of Benevolence (left hand) {Contam rF+ Str+6 Slay+3}
   (You acquired it on level 10 of the Dungeon)

   [ring of protection from fire]

   Str:       It affects your strength (+6).
   Slay:      It affects your accuracy & damage with ranged weapons and melee
   (+3).
   rF:        It protects you from fire.
   Contam:    It causes magical contamination when unequipped.
 J - the amulet "Fetyussas" (around neck) {Regen+ Dex+4}
   (You acquired it on level 8 of the Dungeon)

   [amulet of regeneration]

   Dex:       It affects your dexterity (+4).
   Regen:     It increases your rate of health regeneration.
 U - the ring of Ykohu {+Blink EV+4 Str+2}
   (You took it off an imperial myrmidon in the Desolation of Salt)

   [ring of evasion]

   EV:        It affects your evasion (+4).
   Str:       It affects your strength (+2).
   +Blink:    It lets you blink.
 V - the ring of Xiergh {AC+4 Str+9 Dex+6}
   (You found it on level 2 of the Swamp)

   [ring of protection]

   AC:        It affects your AC (+4).
   Str:       It affects your strength (+9).
   Dex:       It affects your dexterity (+6).
Wands
 k - a wand of polymorph (27)
 B - a wand of flame (58)
 E - a wand of charming (30)
 H - a wand of acid (18)
 O - a wand of roots (70)
 Q - a wand of mindburst (18)
Scrolls
 g - 17 scrolls of teleportation
 h - 6 scrolls of fog
 j - 7 scrolls of fear
 n - 3 scrolls of summoning
 p - 3 scrolls of vulnerability
 y - 2 scrolls of blinking
 z - 11 scrolls of poison
 A - 7 scrolls of magic mapping
 D - 13 scrolls of immolation
 G - 2 scrolls of brand weapon
 L - 29 scrolls of identify
 S - 3 scrolls of torment
Potions
 e - 3 potions of invisibility
 i - 11 potions of degeneration
 l - 2 potions of lignification
 m - 22 potions of curing
 o - 10 potions of haste
 q - a potion of ambrosia
 r - 6 potions of resistance
 s - 5 potions of berserk rage
 t - 4 potions of magic
 v - a potion of cancellation
 C - a potion of heal wounds
 K - 5 potions of attraction
 R - 3 potions of might
Miscellaneous
 c - a phantom mirror
 f - a phantom mirror
 u - a phantom mirror


   Skills:
 + Level 18.0 Fighting
 - Level 13.0(19.7) Short Blades
 + Level 23.4(24.5) Long Blades
 - Level 22.1 Ranged Weapons
 * Level 22.3 Armour
 - Level 20.4 Dodging
 - Level 17.9 Stealth
 - Level 4.9 Evocations


You had 24 spell levels left.
You didn't know any spells.
Your spell library contained the following spells:

 Spells                   Type           Power      Damage    Failure   Level
 Apportation              Tloc           0%         N/A       67%         1
 Foxfire                  Conj/Fire      0%         2x1d4     67%         1
 Necrotise                Necr           0%         1d4       67%         1
 Summon Small Mammal      Summ           0%         N/A       67%         1
 Inner Flame              Hex/Fire       0%         N/A       95%         3
 Flame Wave               Conj/Fire      0%         2d4       100%        4
 Sticky Flame             Conj/Fire      0%         2d3       100%        4


Dungeon Overview and Level Annotations

Branches:
Dungeon (15/15)            Temple (1/1) D:6            Lair (5/5) D:10
  Swamp (4/4) Lair:3        Snake (4/4) Lair:2        Slime (0/5) Lair:4
    Orc (2/2) D:9             Elf (3/3) Orc:2        Vaults (5/5) D:13
  Crypt (0/3) Vaults:2     Depths (4/4) D:15            Zot (4/5) Depths:4
  IceCv (visited)         Desolation (visited)

Altars:
Ashenzari
Cheibriados
Dithmenos
Elyvilon
Fedhas
Gozag
Hepliaklqana
Kikubaaqudgha
Makhleb
Nemelex Xobeh
Okawaru
Qazlal
Ru
Sif Muna
Trog
Uskayaw
Vehumet
Wu Jian
Xom
Yredelemnul
Zin
The Shining One
Jiyva
Lugonu

Shops:
D:10 [   D:15 *   Orc:1 ([[   Orc:2 [!:*   Elf:3 :*   Vaults:2 (   Vaults:3 *
Depths:3 :=

Portals:
Hell: Depths:1 Depths:2 Depths:3 Depths:4
Abyss: Lair:5 Depths:1 Depths:3
Pandemonium: Orc:2 Depths:1 Depths:2
Ziggurat: Depths:1
Trove: D:10 (give +3 shadow dragon scales)

Annotations:
D:11 exclusion: obsidian statue
Elf:2 3 runed translucent doors
Vaults:1 3 runed translucent doors, Joetwoph's ghost, veteran OgTm
Vaults:2 2 transporters, Ixoes's ghost, veteran DgFi; Marixus's ghost, adept HOFi
Depths:2 3 runed translucent doors, Kunuk's ghost, veteran MiFi


Innate Abilities, Weirdness & Mutations

You have a beak for a mouth.
You have claws for feet.
Your magical nature lets you fly swiftly and evasively.
You are dopey. (Int -2)
You are strong-willed. (Will+)
Your spells are a little harder to cast, but a little more powerful.
You expend magic power (3 MP) to strengthen your wands.


Message History

The rime drake breathes ice at you. The flash freeze misses you.
The white draconian stormcaller mumbles some strange prayers to Qazlal.
The black draconian knight breathes lightning at you.
The bolt of lightning hits you! You resist.
* * * LOW HITPOINT WARNING * * *
As you read the scroll of teleportation, it crumbles to dust.
You feel strangely unstable.
You feel the Orb delaying your translocation!
The rime drake is no longer berserk.
The rime drake disappears in a puff of smoke!
The death drake disappears in a puff of smoke!
The rime drake disappears in a puff of smoke!
You feel much better.
The black draconian knight is no longer covered in acid.
The yellow draconian spits acid at you.
The glob of acid hits the black draconian knight!
The acid splashes onto the green draconian monk!
The green draconian monk is splashed with acid.
The acid corrodes the green draconian monk!
The black draconian knight attacks as you move away!
The black draconian knight hits you but does no damage.
The black draconian knight attacks as you move away!
The black draconian knight completely misses you.
The black draconian knight breathes lightning at you.
The bolt of lightning misses you.
The white draconian stormcaller mumbles some strange prayers to Qazlal against you.
The blast of magma engulfs you but does no damage.
You cut the black draconian knight into ribbons!!!
The black draconian knight blocks your attack. x2
The black draconian knight is heavily wounded.
The black draconian knight casts a spell at you.
The shard of ice hits you!!
* * * LOW HITPOINT WARNING * * *
You completely miss the black draconian knight.
You peck the black draconian knight, but do no damage.
The black draconian knight is heavily wounded.
The black draconian knight completely misses you.
The green draconian monk hits you!!
You die...

#q....# #q....## ##
#......# ##.#
#...!..#######+###..#
...................#
...............k..#
....†.........≈q@#
....k.....kq..≈q##
....§)...kd.k..##
...[$......X..##
.............##
.....$?.....##
...?.......##
############


You could see a tentacled monstrosity, a green draconian monk (berserk,
corroded), a black draconian knight (fast, invisible), a yellow draconian
(catching breath), a white draconian stormcaller, 3 rime drakes and a swamp
drake (summoned).

Vanquished Creatures
  A dread lich (Vaults:5)
  An ancient lich (Vaults:5)
  An orb of fire (Zot:2)
  Sojobo (Vaults:4)
  Bai Suzhen (Swamp:4)
  7 golden dragons
  3 bone dragons
  3 electric golems
  6 tentacled monstrosities
  5 liches
  Zenata (Elf:3)
  4 deep elf blademasters (Elf:3)
  4 quicksilver dragons
  A walking frostbound tome (Depths:4)
  8 titans
  2 deep elf master archers (Elf:3)
  Asterion (Snake:1)
  Gastronok (Lair:2)
  2 thorn hunters
  Kirke (Swamp:2)
  8 sphinxes
  6 death cobs
  Agnes (Snake:1)
  3 draconian monks
  8 storm dragons
  Donald (Snake:1)
  12 shadow dragons
  A fenstrider witch (Swamp:4)
  4 deep elf sorcerers
  10 tengu reavers
  11 frost giants
  7 nagarajas
  3 imperial myrmidons (Desolation)
  A ghost moth (Zot:2)
  6 draconian knights
  Louise (Snake:3)
  2 iron dragons
  8 fire giants
  Aizul (Snake:1)
  4 draconian scorchers
  A balrug (Depths:1)
  17 vault wardens
  4 draconian annihilators
  16 very ugly things
  15 ironbound preservers
  5 deep elf elementalists (Elf:3)
  6 war gargoyles
  2 orc warlords
  2 draconian shifters
  2 spriggan defenders (Depths:2)
  A quicksilver ooze (shapeshifter) (Vaults:5)
  12 stone giants
  10 ironbound thunderhulks
  8 green draconians
  8 deep elf annihilators
  4 deep elf demonologists
  3 bunyips
  6 eleionomae
  7 black draconians
  3 purple draconians
  8 white draconians
  A halazid warlock (Desolation)
  3 red draconians
  4 spark wasps
  8 yellow draconians
  Snorg (D:14)
  7 dire elephants
  6 ettins
  8 fire dragons
  10 ragged hierophants (Desolation)
  An entropy weaver (shapeshifter) (Depths:3)
  6 crystal guardians
  13 deep elf high priests
  Josephine (Swamp:1)
  8 deep elf death magi
  An ettin (shapeshifter) (Vaults:5)
  2 shambling mangroves
  8 servants of whispers
  5 great orbs of eyes
  30 vault guards
  3 entropy weavers
  20 yaktaur captains
  2 rakshasas
  8 ice dragons
  19 hydras
  13 peacekeepers
  A catoblepas (D:15)
  4 spriggan air magi
  8 two-headed ogres
  7 salamander tyrants
  A demonspawn (Orc:2)
  5 boulder beetles
  A satyr (shapeshifter) (Depths:2)
  8 ironbound frosthearts
  3 ogre magi (Vaults:5)
  9 alligators
  12 dancing weapons
  11 anacondas
  11 centaur warriors
  3 deep troll shamans
  2 tengu warriors (D:15)
  7 death yaks
  5 sun demons
  11 naga warriors
  4 orc high priests (Orc:2)
  9 spriggan berserkers
  8 naga sharpshooters
  10 deep troll earth magi
  4 thrashing horrors (Lair:5)
  6 shock serpents
  An iron troll (Depths:4)
  15 deep elf knights
  6 hell knights
  9 skeletal warriors
  A soul eater (Depths:3)
  6 salamander mystics
  2 fire crabs (shapeshifter)
  A spriggan druid (Swamp:4)
  6 goliath frogs
  3 bog bodies
  2 glowing orange brains
  2 flayed ghosts
  10 swamp dragons
  8 wizards
  A shadow demon (Depths:2)
  39 deep trolls
  9 deep elf archers
  5 lindwurms
  4 naga ritualists
  16 ironbound convokers
  10 orc knights
  Pikel (D:4)
  7 necromancers
  4 harpies
  8 orc sorcerers (Orc:2)
  28 deep elf pyromancers
  2 oklob plants (Lair:2)
  A wolf spider (Lair:2)
  6 mana vipers
  5 phantasmal warriors
  12 moths of wrath
  43 ugly things
  15 deep elf zephyrmancers
  3 cyclopes
  A frost giant zombie (Depths:3)
  28 salamanders
  7 will-o-the-wisps
  10 elephants
  4 manticores
  A fire giant skeleton (Depths:1)
  16 vault sentinels
  30 black mambas
  A stone giant skeleton (Depths:1)
  7 guardian serpents
  2 ice statues (IceCv)
  4 smoke demons
  15 naga magi
  2 orange demons (Depths:2)
  3 gargoyles
  5 molten gargoyles
  An unseen horror (shapeshifter) (Elf:1)
  2 kobold demonologists (D:11)
  3 rime drakes
  50 yaktaurs
  14 cane toads
  A spriggan zombie (Depths:1)
  9 komodo dragons
  An unseen horror (D:12)
  An efreet (D:13)
  A freezing wraith (IceCv)
  A yaktaur (shapeshifter) (Vaults:3)
  4 ice devils
  A red devil (Depths:2)
  A troll (shapeshifter) (Vaults:5)
  7 trolls
  2 ancient zymes (Lair:5)
  A hellwing (Depths:2)
  A spriggan skeleton (Depths:1)
  3 tyrant leeches
  Prince Ribbit (D:5)
  12 hornets
  A polar bear (Lair:2)
  58 saltlings
  2 bloated husks
  24 blink frogs
  3 dream sheep (Lair:5)
  21 slime creatures
  6 air elementals
  2 shadows
  6 wraiths
  A ynoxinul (Lair:5)
  A culicivora (Vaults:1)
  11 spriggans
  2 wyverns
  Eustachio (D:4)
  5 basilisks
  4 water elementals
  30 yaks
  A fire elemental (Depths:2)
  4 hogs (Swamp:2)
  2 steam dragons
  4 chaos spawn
  A death yak simulacrum (IceCv)
  A redback (Vaults:1)
  17 vampire mosquitoes
  2 neqoxecs
  14 swamp worms
  Menkaure (D:5)
  A large abomination (Lair:5)
  31 nagas
  An acid dragon (D:9)
  A glowing shapeshifter zombie (Depths:3)
  Edmund (D:4)
  A harpy simulacrum (IceCv)
  5 wargs
  A floating eye (Depths:4)
  A human skeleton (Depths:3)
  11 water moccasins
  11 swamp drakes
  4 ice beasts
  29 orc warriors
  3 black bears
  2 sky beasts (D:7)
  10 ogres
  9 wolves
  A boggart (Vaults:4)
  The ghost of Splishie the Martial Artist, an amateur GnWn of Yredelemnul (D:3)
  12 centaurs
  4 phantoms
  3 kobold brigands
  A lemure (D:4)
  9 bullfrogs
  2 gnoll sergeants
  8 small abominations (Lair:5)
  2 scorpions
  A necrophage (D:5)
  3 earth elementals
  9 wights
  An orc simulacrum (Vaults:1)
  2 elephant simulacra (IceCv)
  6 killer bees
  9 electric eels
  7 howler monkeys
  5 lava snakes (Lair:4)
  7 jellies
  2 hounds
  24 orc priests
  2 gnoll boudas
  An iguana (D:4)
  15 orc wizards
  Natasha (thrice) (D:3)
  2 scorpion zombies (D:4)
  5 hell rats (Lair:2)
  A wolf simulacrum (IceCv)
  2 hound zombies (D:4)
  A boggart simulacrum (D:15)
  14 gnolls
  15 adders
  2 white imps
  2 ufetubi
  A worm (D:6)
  3 dart slugs
  85 orcs
  5 endoplasms
  15 giant cockroaches
  5 goblins
  11 hobgoblins
  7 jackals
  16 kobolds
  2 quokkas
  5 ball pythons
  3 bats (D:3)
  3 frilled lizards
  22 rats
1888 creatures vanquished.

Vanquished Creatures (collateral kills)
  the Lernaean hydra (Swamp:4)
  A golden dragon (Zot:3)
  2 tentacled monstrosities
  A lich (Depths:3)
  A draconian shifter (Zot:3)
  A very ugly thing (D:15)
  A stone giant (Depths:3)
  A bunyip (Swamp:1)
  A peacekeeper (Desolation)
  A hydra (Swamp:4)
  A deep troll (Depths:4)
  An orc knight (Orc:1)
  A deep elf pyromancer (D:15)
  A rime drake (Lair:5)
  2 dream sheep (Lair:5)
  3 saltlings (Desolation)
  2 slime creatures (Vaults:1)
  A swamp drake (Swamp:4)
  An orc warrior (Orc:1)
  2 wolves (Lair:5)
  A killer bee (D:8)
  2 orcs (Orc:1)
29 creatures vanquished.

Vanquished Creatures (others)
  Nikola (Swamp:1)
  A storm dragon (Depths:2)
  A fire giant (Vaults:3)
  A stone giant (Vaults:5)
  A fire dragon (Depths:4)
  A bloated husk (Swamp:3)
  A killer bee (D:8)
  A howler monkey (D:13)
  An orc (Orc:1)
  8 foxfires (Swamp:2)
  28 fungi
  88 plants
  2 withered plants (D:8)
135 creatures vanquished.

Grand Total: 2052 creatures vanquished

Notes
Turn   | Place    | Note
-------+----------+-------------------------------------------
     0 | D:1      | KennySheep the Tengu Hunter began the quest for the Orb.
     0 | D:1      | Reached XP level 1. HP: 12/12 MP: 2/2
   407 | D:1      | Reached XP level 2. HP: 17/17 MP: 3/3
   932 | D:2      | Reached XP level 3. HP: 21/21 MP: 4/4
  1071 | D:2      | Reached skill level 5 in Ranged Weapons
  1320 | D:2      | Found a faded altar of an unknown god.
  1330 | D:2      | Found a radiant altar of Vehumet.
  1749 | D:3      | Found a white marble altar of Elyvilon.
  1751 | D:3      | Reached XP level 4. HP: 27/27 MP: 5/5
  1838 | D:3      | Found a burning altar of Makhleb.
  1839 | D:3      | Found a sacrificial altar of Ru.
  1890 | D:3      | Found a transporter.
  1945 | D:3      | Found a transporter.
  1945 | D:3      | Noticed Splishie's ghost (amateur GnWn)
  2281 | D:3      | Noticed Natasha
  2284 | D:3      | Killed Natasha
  2285 | D:3      | Gained mutation: Your magical nature lets you fly swiftly
                  | and evasively. [Tengu growth]
  2285 | D:3      | Reached XP level 5. HP: 26/32 MP: 6/6
  2415 | D:3      | Noticed Natasha
  2418 | D:3      | Killed Natasha
  2564 | D:3      | Noticed Natasha
  2575 | D:3      | Killed Natasha
  2762 | D:4      | Noticed Eustachio
  2821 | D:5      | Entered Level 5 of the Dungeon
  2851 | D:5      | Noticed a phantom
  2864 | D:5      | Noticed a black bear
  2865 | D:5      | Noticed Prince Ribbit
  3277 | D:4      | Killed Eustachio
  3278 | D:4      | Reached XP level 6. HP: 37/37 MP: 7/7
  3627 | D:4      | Noticed Edmund
  3663 | D:4      | Noticed Pikel
  3686 | D:5      | Reached XP level 7. HP: 25/41 MP: 8/8
  4485 | D:4      | Found a basalt altar of Yredelemnul.
  4899 | D:4      | HP: 2/42 [Pikel/+1 whip of flaming (1)]
  5339 | D:5      | Killed Prince Ribbit
  5340 | D:5      | Reached skill level 5 in Dodging
  5340 | D:5      | Reached XP level 8. HP: 31/48 MP: 9/9
  5977 | D:5      | Noticed Menkaure
  6264 | D:5      | Killed Menkaure
  6265 | D:5      | Reached skill level 5 in Fighting
  6265 | D:5      | Reached skill level 5 in Stealth
  6428 | D:6      | Found an ornate altar of the Wu Jian Council.
  6429 | D:6      | Found a sparkling altar of Nemelex Xobeh.
  6620 | D:6      | Found a snail-covered altar of Cheibriados.
  6675 | D:6      | Reached XP level 9. HP: 54/54 MP: 10/10
  6964 | D:6      | Found a staircase to the Ecumenical Temple.
  7080 | Temple   | Entered the Ecumenical Temple
  7180 | Temple   | Became a worshipper of Trog the Wrathful
  7938 | D:4      | Killed Edmund
  8681 | D:6      | Reached skill level 1 in Long Blades
  8854 | D:7      | Reached skill level 1 in Armour
  9247 | D:7      | Reached skill level 10 in Ranged Weapons
  9326 | D:7      | Reached skill level 2 in Long Blades
  9338 | D:7      | Reached * piety under Trog
 10207 | D:8      | Reached XP level 10. HP: 37/60 MP: 11/11
 10339 | D:8      | Identified 3 scrolls of acquirement
 10339 | D:8      | Acquired the +7 arbalest of Dishonesty {flame, rC+ Will+++
                  | Stlth+}
 10342 | D:8      | Acquired the amulet "Fetyussas" {Regen+ Dex+4}
 10349 | D:8      | Acquired a manual of Dodging
 10425 | D:8      | Found a viscous altar of Jiyva.
 10520 | D:8      | Found an ancient bone altar of Kikubaaqudgha.
 10839 | D:8      | You are sucked into a shaft and drop 3 floors!
 10865 | D:11     | Noticed a two-headed ogre
 10884 | D:11     | Noticed a kobold demonologist
 10884 | D:11     | Noticed a kobold demonologist
 10952 | D:11     | Noticed an orange demon
 10953 | D:11     | Noticed a rust devil
 10953 | D:11     | Killed a kobold demonologist
 10955 | D:11     | Noticed an orange demon
 10999 | D:12     | Noticed a two-headed ogre
 11001 | D:12     | Killed a two-headed ogre
 11475 | D:12     | Noticed a gargoyle
 11480 | D:12     | Killed a gargoyle
 11480 | D:12     | Reached ** piety under Trog
 11656 | D:12     | Reached XP level 11. HP: 64/64 MP: 12/12
 11684 | D:12     | Noticed a cyclops
 11691 | D:12     | Killed a cyclops
 11905 | D:13     | Noticed a centaur warrior
 11905 | D:13     | Noticed a brown ugly thing
 11939 | D:11     | Reached skill level 15 in Ranged Weapons
 11978 | D:11     | Noticed a red ugly thing
 12056 | D:10     | Entered Level 10 of the Dungeon
 12056 | D:10     | Found Wuih's Antique Armour Shoppe.
 12066 | D:10     | Noticed a skeletal warrior
 12099 | D:10     | Killed a skeletal warrior
 12111 | D:9      | Found a sparkling altar of Nemelex Xobeh.
 12164 | D:10     | Noticed a death yak
 12172 | D:10     | Found a staircase to the Lair.
 12172 | D:10     | Noticed a death yak
 12172 | D:10     | Noticed a death yak
 12216 | D:10     | Killed a death yak
 12235 | D:10     | Killed a death yak
 12299 | D:10     | Found a stormy altar of Qazlal.
 12347 | D:10     | Killed a death yak
 12349 | D:10     | Noticed a two-headed ogre
 12366 | D:10     | Killed a two-headed ogre
 12377 | D:10     | Found a portal to a secret trove of treasure.
 12624 | D:10     | Noticed a skeletal warrior
 12655 | D:10     | Killed a skeletal warrior
 12704 | D:10     | Found the Hermit's Pendant {Faith Invo=14 Evo=0 MP+5}
 12711 | D:10     | Noticed a skeletal warrior
 12744 | D:10     | Killed a skeletal warrior
 12745 | D:10     | Reached XP level 12. HP: 51/70 MP: 13/13
 12789 | D:10     | Found an iron altar of Okawaru.
 12998 | D:9      | Reached *** piety under Trog
 13029 | D:9      | Found a staircase to the Orcish Mines.
 13358 | D:9      | Found a shimmering altar of Xom.
 13799 | D:4      | Killed Pikel
 13834 | D:3      | Killed Splishie's ghost
 13980 | Lair:1   | Entered Level 1 of the Lair of Beasts
 14193 | Lair:1   | Reached **** piety under Trog
 14364 | Lair:1   | Reached skill level 3 in Long Blades
 14866 | Lair:2   | Found a blossoming altar of Fedhas.
 14944 | Lair:2   | Noticed a death yak
 14945 | Lair:2   | Noticed a death yak
 14945 | Lair:2   | Noticed a death yak
 14968 | Lair:2   | Noticed a death yak
 14974 | Lair:2   | Killed a death yak
 14975 | Lair:2   | Reached XP level 13. HP: 76/76 MP: 14/14
 14999 | Lair:2   | Reached skill level 5 in Armour
 15000 | Lair:2   | Reached skill level 4 in Long Blades
 15072 | Lair:2   | Found a staircase to the Snake Pit.
 15189 | Lair:2   | Identified the +2 leather armour of the Northern Lights
                  | {Rampage rElec rC- Int+4}
 15189 | Lair:2   | You are sucked into a shaft and drop 2 floors!
 15191 | Lair:4   | Reached skill level 1 in Short Blades
 15244 | Lair:4   | Found a viscous altar of Jiyva.
 15245 | Lair:4   | Found a staircase to the Slime Pits.
 15717 | Lair:4   | Identified the +2 leather armour of Immorality {Str+3}
 15954 | Lair:4   | Reached ***** piety under Trog
 16015 | Lair:3   | Reached skill level 10 in Dodging
 16303 | Lair:2   | Noticed Gastronok
 16310 | Lair:2   | Killed Gastronok
 17277 | Lair:3   | Reached XP level 14. HP: 84/84 MP: 15/15
 17281 | Lair:3   | Found a staircase to the Swamp.
 17416 | Lair:5   | Entered Level 5 of the Lair of Beasts
 17428 | Lair:5   | Acquired a manual of Dodging
 17563 | Lair:5   | Found a frozen archway.
 17572 | IceCv    | Entered an ice cave
 17617 | IceCv    | Found a transporter.
 17628 | IceCv    | Found a transporter.
 17643 | IceCv    | Identified the amulet "Yriufiy" {Acrobat MP+9}
 17887 | Orc:1    | Entered Level 1 of the Orcish Mines
 17890 | Orc:1    | Received a gift from Trog
 17907 | Orc:1    | Found Hastrolac's Weapon Shop.
 17911 | Orc:1    | Found Voyzurcho's Armour Shop.
 18027 | Orc:2    | Entered Level 2 of the Orcish Mines
 18056 | Orc:2    | Reached skill level 5 in Short Blades
 18060 | Orc:2    | Noticed an orc warlord
 18097 | Orc:2    | Killed an orc warlord
 18155 | Orc:2    | Found a staircase to the Elven Halls.
 18397 | Orc:2    | Found Bal Egu's Distillery.
 18412 | Orc:2    | Found Leopetz's General Store.
 18502 | Orc:2    | Gained mutation: You occasionally lose the ability to drink
                  | potions when taking damage. [a neqoxec]
 18524 | Orc:2    | Reached skill level 10 in Stealth
 18608 | Orc:2    | Found Gusmesem's Book Shop.
 18608 | Orc:2    | Found Gaobiczu's Antique Armour Boutique.
 18608 | Orc:2    | Found a one-way gate leading to the halls of Pandemonium.
 18994 | Orc:1    | Found Nyshrarph's Armour Boutique.
 19237 | Orc:1    | Reached ****** piety under Trog
 19721 | Lair:5   | Reached XP level 15. HP: 92/92 MP: 16/16
 19813 | Lair:5   | Reached skill level 10 in Fighting
 19972 | Lair:5   | Found a corrupted altar of Lugonu.
 19972 | Lair:5   | Found a one-way gate to the infinite horrors of the Abyss.
 20241 | Lair:5   | Identified the +4 dagger of the Endless March {vorpal,
                  | Str+4 Dex+4 SInv} (Trog gifted it to you on level 5 of the
                  | Lair of Beasts)
 20241 | Lair:5   | Received a gift from Trog
 20583 | D:13     | Found a gate to the Vaults.
 21310 | D:14     | Noticed Snorg
 21314 | D:14     | Killed Snorg
 21523 | D:14     | Found an iron altar of Okawaru.
 21912 | D:15     | Entered Level 15 of the Dungeon
 22179 | D:15     | Reached XP level 16. HP: 99/99 MP: 17/17
 22182 | D:15     | Received a gift from Trog
 22231 | D:15     | Noticed a sphinx
 22408 | D:15     | Found Odatsozo's General Store.
 22476 | D:15     | Reached skill level 10 in Armour
 22494 | D:15     | Found a runed translucent door.
 22511 | D:15     | Killed a sphinx
 22774 | D:15     | Found a staircase to the Depths.
 23502 | D:10     | Bought twisted ice dragon scales for 1755 gold pieces
 23502 | D:10     | Identified the +1 ice dragon scales of Fedhas's Hope {rF-
                  | rC++ Will+} (You bought it in a shop on level 10 of the
                  | Dungeon)
 23565 | D:10     | Acquired the ring of Benevolence {Contam rF+ Str+6 Slay+3}
 23758 | Snake:1  | Entered Level 1 of the Snake Pit
 23758 | Snake:1  | Noticed Agnes
 23767 | Snake:1  | Reached skill level 15 in Dodging
 23767 | Snake:1  | Noticed Aizul
 23775 | Snake:1  | Killed Aizul
 23857 | Snake:1  | Noticed Asterion
 23866 | Snake:1  | Killed Asterion
 23872 | Snake:1  | Noticed a nagaraja
 23876 | Snake:1  | Killed a nagaraja
 24029 | Snake:1  | Noticed Donald
 24047 | Snake:1  | Killed Donald
 24070 | Snake:1  | Lost mutation: You occasionally lose the ability to drink
                  | potions when taking damage. [potion of mutation]
 24070 | Snake:1  | Gained mutation: You occasionally lose the ability to read
                  | scrolls when taking damage. [potion of mutation]
 24070 | Snake:1  | Gained mutation: You have a pair of small antennae on your
                  | head. [potion of mutation]
 24070 | Snake:1  | Gained mutation: You are strong-willed. (Will+) [potion of
                  | mutation]
 24071 | Snake:1  | Lost mutation: You have a pair of small antennae on your
                  | head. [potion of mutation]
 24071 | Snake:1  | Lost mutation: You are strong-willed. (Will+) [potion of
                  | mutation]
 24071 | Snake:1  | Gained mutation: You are covered in fur. (AC +1) [potion of
                  | mutation]
 24071 | Snake:1  | Gained mutation: Your magical capacity is low. (-10% MP)
                  | [potion of mutation]
 24072 | Snake:1  | Lost mutation: You are covered in fur. (AC +1) [potion of
                  | mutation]
 24072 | Snake:1  | Lost mutation: Your magical capacity is low. (-10% MP)
                  | [potion of mutation]
 24072 | Snake:1  | Lost mutation: You occasionally lose the ability to read
                  | scrolls when taking damage. [potion of mutation]
 24072 | Snake:1  | Gained mutation: Armour fits poorly on your strangely
                  | shaped body. [potion of mutation]
 24072 | Snake:1  | Gained mutation: You are dopey. (Int -2) [potion of
                  | mutation]
 24073 | Snake:1  | Lost mutation: You are dopey. (Int -2) [potion of mutation]
 24073 | Snake:1  | Lost mutation: Armour fits poorly on your strangely shaped
                  | body. [potion of mutation]
 24073 | Snake:1  | Gained mutation: Your spells are a little harder to cast,
                  | but a little more powerful. [potion of mutation]
 24073 | Snake:1  | Gained mutation: You are dopey. (Int -2) [potion of
                  | mutation]
 24073 | Snake:1  | Gained mutation: You have hidden genetic potential. [potion
                  | of mutation]
 24244 | Snake:1  | Received a gift from Trog
 24460 | Swamp:1  | Entered Level 1 of the Swamp
 24460 | Swamp:1  | Noticed a thorn hunter
 24468 | Swamp:1  | Killed a thorn hunter
 24563 | Swamp:1  | Noticed Nikola
 24574 | Swamp:1  | Killed Nikola
 24677 | Swamp:1  | Noticed Josephine
 24680 | Swamp:1  | Killed Josephine
 25073 | Swamp:2  | Reached XP level 17. HP: 106/106 MP: 18/18
 25167 | Swamp:2  | Noticed Kirke
 25176 | Swamp:2  | Killed Kirke
 25330 | Swamp:2  | Identified the ring of Xiergh {AC+4 Str+9 Dex+6}
 25538 | Swamp:3  | Reached skill level 10 in Short Blades
 25910 | Swamp:3  | Received a gift from Trog
 26026 | Swamp:4  | Entered Level 4 of the Swamp
 26064 | Swamp:4  | Gained mutation: You expend magic power (3 MP) to
                  | strengthen your wands. [hidden potential]
 26255 | Swamp:4  | Noticed a tentacled monstrosity
 26264 | Swamp:4  | Killed a tentacled monstrosity
 26341 | Swamp:4  | Noticed Bai Suzhen
 26352 | Swamp:4  | Killed Bai Suzhen
 26540 | Swamp:4  | Noticed the 27-headed Lernaean hydra
 26546 | Swamp:4  | Killed the 27-headed Lernaean hydra
 26547 | Swamp:4  | Reached skill level 15 in Stealth
 26683 | Swamp:4  | Got a decaying rune of Zot
 26730 | Swamp:4  | Reached XP level 18. HP: 112/112 MP: 19/19
 27698 | Snake:1  | Killed Agnes
 28302 | Snake:2  | You are sucked into a shaft and drop 1 floor!
 29244 | Snake:3  | Received a gift from Trog
 29460 | Snake:3  | Gained mutation: You are strong-willed. (Will+) [hidden
                  | potential]
 29460 | Snake:3  | Lost mutation: You have hidden genetic potential. [hidden
                  | potential expressed]
 29706 | Snake:4  | Entered Level 4 of the Snake Pit
 29767 | Snake:4  | Noticed Louise
 30237 | Orc:2    | Bought a heavily runed scale mail for 207 gold pieces
 30237 | Orc:2    | Identified the +0 scale mail of Winter {Fly rF+ Str+4} (You
                  | bought it in a shop on level 2 of the Orcish Mines)
 30277 | Elf:1    | Entered Level 1 of the Elven Halls
 30279 | Elf:1    | Identified the +1 leather armour of Repulsion {Str+2
                  | Slay+3}
 30569 | Elf:1    | Identified the +4 dagger of the Boiling Point {holy, rF+
                  | Dex+5 Stlth+}
 30606 | Elf:1    | Received a gift from Trog
 31151 | Elf:2    | Reached XP level 19. HP: 71/119 MP: 20/20
 31368 | Elf:2    | Identified the +2 robe of the Evening Star {Int+3}
 31369 | Elf:2    | Received a gift from Trog
 31452 | Elf:2    | Found a runed translucent gate.
 31453 | Elf:2    | Found a runed translucent gate.
 31453 | Elf:2    | Found a runed translucent gate.
 31667 | Elf:2    | Paralysed by an air elemental for 1 turns
 31917 | Elf:3    | Entered Level 3 of the Elven Halls
 31920 | Elf:3    | Paralysed by an air elemental for 1 turns
 31923 | Elf:3    | Paralysed by an air elemental for 1 turns
 32031 | Elf:3    | Found Tusaompak's General Store.
 32122 | Elf:3    | Noticed Zenata
 32129 | Elf:3    | Killed Zenata
 32210 | Elf:3    | Found Gim Zemm's Book Shop.
 32804 | Elf:3    | Identified the +8 great mace "Dej Amm" {vorpal, rC+} (Trog
                  | gifted it to you on level 3 of the Elven Halls)
 32804 | Elf:3    | Received a gift from Trog
 32988 | Elf:3    | Reached skill level 1 in Evocations
 33317 | Elf:3    | Identified the ring "Vere" {rC- rN+ AC+4 Stlth+}
 33468 | Elf:3    | Identified the +8 great sword "Haeseask" {venom, rCorr}
 33810 | Elf:3    | Identified the +4 scale mail of Sunlight {Str+4}
 33869 | Elf:3    | Identified the +0 quarterstaff of Distant Worlds {drain,
                  | +Blink Str+2 Int-5}
 33878 | Elf:3    | Identified the +0 ring mail of the Beginning {Int+4}
 33888 | Elf:3    | Identified the +5 long sword of Fotus {holy, Int+4}
 33895 | Elf:3    | Identified the +4 dagger "Toitel" {vorpal, rCorr Dex+3}
 34336 | Snake:3  | Killed Louise
 34435 | Snake:4  | Received a gift from Trog
 34670 | Snake:4  | Reached XP level 20. HP: 117/126 MP: 21/21
 34968 | Snake:4  | HP: 6/127 [salamander tyrant/flame surge (35)]
 35225 | Snake:4  | Got a serpentine rune of Zot
 35520 | Vaults:1 | Entered Level 1 of the Vaults
 35555 | Vaults:1 | Received a gift from Trog
 35655 | Vaults:1 | Found a runed translucent gate.
 35655 | Vaults:1 | Found a runed translucent gate.
 35655 | Vaults:1 | Found a runed translucent gate.
 35656 | Vaults:1 | Noticed Joetwoph's ghost (veteran OgTm)
 35906 | D:13     | Upgraded the game from 0.30-a0-159-g068b764562 to
                  | 0.30-a0-165-g1891117ce2
 36695 | Vaults:1 | Received a gift from Trog
 37111 | Vaults:1 | Reached skill level 5 in Long Blades
 37733 | Vaults:1 | Identified the +1 plate armour of the Vacuum {Dex+2}
 37802 | Vaults:2 | Found Viduofap's Antique Weapon Emporium.
 37931 | Vaults:2 | Reached skill level 6 in Long Blades
 38069 | Vaults:2 | Identified the +0 troll leather armour of Xaequrph {rF+
                  | Regen+ Stlth+}
 38107 | Vaults:2 | Noticed a bone dragon
 38109 | Vaults:2 | Found a staircase to the Crypt.
 38116 | Vaults:2 | Killed a bone dragon
 38117 | Vaults:2 | Reached skill level 7 in Long Blades
 38171 | Vaults:2 | Received a gift from Trog
 38299 | Vaults:2 | Reached skill level 8 in Long Blades
 38333 | Vaults:2 | Reached XP level 21. HP: 132/132 MP: 22/22
 38393 | Vaults:2 | Reached skill level 9 in Long Blades
 38632 | Vaults:2 | Found a transporter.
 38632 | Vaults:2 | Found a transporter.
 38636 | Vaults:2 | Noticed a golden dragon
 38639 | Vaults:2 | Noticed Marixus's ghost (adept HOFi)
 38663 | Vaults:2 | Noticed Ixoes's ghost (veteran DgFi)
 38907 | Vaults:2 | Reached skill level 10 in Long Blades
 39143 | Vaults:2 | Reached skill level 11 in Long Blades
 39402 | Vaults:3 | Found a crumbling gateway.
 39422 | Desolati | Entered the Desolation of Salt
 39509 | Desolati | Reached skill level 12 in Long Blades
 39552 | Desolati | Received a gift from Trog
 39696 | Desolati | Identified the ring of Ykohu {+Blink EV+4 Str+2}
 39712 | Desolati | Reached skill level 13 in Long Blades
 40098 | Desolati | Identified the +5 hand axe "Goblinslayer" {vorpal, Int+3}
 40100 | Desolati | Identified the +10 shortbow of Egomania {vorpal, rC+}
 40157 | Desolati | Received a gift from Trog
 40228 | Desolati | Reached skill level 14 in Long Blades
 40426 | Desolati | Identified the ring of Caru {rPois rCorr Str+6 Int+8
                  | Slay-3}
 40606 | Vaults:3 | You are sucked into a shaft and drop 1 floor!
 40664 | Vaults:3 | Reached skill level 15 in Long Blades
 40765 | Vaults:3 | Found Buizuor's Assorted Antiques.
 40793 | Vaults:3 | Bought a phantom mirror for 920 gold pieces
 40793 | Vaults:3 | Bought a scroll of magic mapping for 172 gold pieces
 40793 | Vaults:3 | Bought a scroll of enchant armour for 172 gold pieces
 40916 | Vaults:3 | Reached XP level 22. HP: 114/138 MP: 23/23
 40999 | Vaults:3 | Received a gift from Trog
 41044 | Vaults:3 | Reached skill level 16 in Long Blades
 41134 | Vaults:3 | Identified the +10 rapier of the Twisting Butterfly
                  | {vorpal, rC+ rCorr SInv}
 41668 | Vaults:4 | Reached skill level 17 in Long Blades
 41988 | Vaults:4 | Reached skill level 18 in Long Blades
 41993 | Vaults:4 | Received a gift from Trog
 42077 | Vaults:4 | Noticed Sojobo
 42092 | Vaults:4 | Paralysed by an air elemental for 1 turns
 42177 | Vaults:4 | Killed Sojobo
 42890 | Depths:1 | Entered Level 1 of the Depths
 43030 | Depths:1 | Found a one-way gateway to a ziggurat.
 43086 | Depths:1 | Reached skill level 19 in Long Blades
 43188 | Depths:1 | You are sucked into a shaft and drop 1 floor!
 43199 | Depths:2 | Found a runed translucent gate.
 43199 | Depths:2 | Found a runed translucent gate.
 43205 | Depths:2 | Found a gateway to Hell.
 43417 | Depths:2 | Received a gift from Trog
 43638 | Depths:2 | Found a runed translucent gate.
 43638 | Depths:2 | Noticed Kunuk's ghost (veteran MiFi)
 43706 | Depths:2 | Reached skill level 20 in Long Blades
 43763 | Depths:2 | Reached XP level 23. HP: 143/143 MP: 24/24
 44282 | Depths:2 | Acquired 414 gold pieces
 44825 | Depths:1 | Identified the +6 short sword of Departure {vorpal, Dex+5}
                  | (Trog gifted it to you on level 1 of the Depths)
 44825 | Depths:1 | Received a gift from Trog
 45342 | Depths:1 | Found a sparkling altar of Nemelex Xobeh.
 45725 | Depths:3 | Identified the +2 trident of the Ferocious God {vorpal,
                  | *Rage rC- Str+2 Dex+6}
 45955 | Depths:3 | Found a hide-covered altar of Uskayaw.
 46181 | Depths:3 | Reached skill level 21 in Long Blades
 46305 | Depths:3 | Found Leol's Book Emporium.
 46305 | Depths:3 | Found Herel's Jewellery Boutique.
 46306 | Depths:3 | Found Cenwiowkeu's Jewellery Boutique.
 46615 | Depths:4 | Entered Level 4 of the Depths
 46627 | Depths:4 | Reached skill level 15 in Armour
 46645 | Depths:4 | Reached skill level 15 in Fighting
 46731 | Depths:3 | Identified the +4 quarterstaff "Leuruno" {freeze, rC+ Str-4
                  | SInv}
 46904 | Depths:4 | Received a gift from Trog
 46929 | Depths:4 | Identified the +8 demon trident "Anlunway" {drain, *Rage
                  | rPois Will- Int+5}
 47091 | Depths:4 | Identified the +0 cloak "Duafu Oke" {Str+7 Int+6}
 47231 | Depths:4 | Found a gate to the Realm of Zot.
 48010 | Vaults:5 | Entered Level 5 of the Vaults
 48174 | Vaults:5 | Noticed a dread lich
 48178 | Vaults:5 | Reached XP level 24. HP: 152/152 MP: 24/24
 48189 | Vaults:5 | Paralysed by a dread lich for 5 turns
 48198 | Vaults:5 | Killed a dread lich
 48216 | Vaults:5 | Identified the ring "Haxonnuf" {Wiz rF+ Will- Str+5 Stlth+}
 48225 | Vaults:5 | Identified the +2 spear of the Sun {vorpal, *Corrode Str+5}
                  | (Trog gifted it to you on level 5 of the Vaults)
 48225 | Vaults:5 | Received a gift from Trog
 48455 | Vaults:5 | Identified the +0 ring mail "Fityeb" {Fly}
 48594 | Vaults:5 | Reached skill level 22 in Long Blades
 48744 | Vaults:5 | Noticed an ancient lich
 48758 | Vaults:5 | Killed an ancient lich
 48877 | Vaults:5 | Identified the +5 falchion of Inodwur {vorpal, rN+ Str+5
                  | SInv}
 48877 | Vaults:5 | Identified the amulet "Fofeun" {Acrobat Will- Int+3 Slay+3}
 49210 | Vaults:5 | Received a gift from Trog
 49297 | Vaults:5 | Identified the +7 triple crossbow "Guze Gyl" {venom, Will+
                  | Str+3}
 49463 | Vaults:5 | Got a silver rune of Zot
 49762 | Vaults:5 | Reached XP level 25. HP: 135/160 MP: 24/24
 50288 | Zot:1    | Entered Level 1 of the Realm of Zot
 50288 | Zot:1    | You are sucked into a shaft and drop 1 floor!
 50441 | Zot:1    | Noticed an orb of fire
 50442 | Zot:1    | Noticed a Killer Klown
 50449 | Zot:2    | Killed an orb of fire
 50526 | Zot:2    | Received a gift from Trog
 51387 | Zot:2    | Reached skill level 23 in Long Blades
 51390 | Zot:2    | Identified the +10 morningstar of Dakuff {drain, rF++
                  | Dex+3}
 52121 | Zot:3    | Received a gift from Trog
 52713 | Zot:1    | Mangled by a green draconian monk

Illustrated notes

Levels and vault maps discovered:
D:1:      lightli_molten_gateway, layout_loops_ring, grunt_decor_resistance,
          minmay_octomino_j4
D:2:      minmay_roachtagon, layout_basic, ebering_ecumenical_altar_petrified,
          basic_altar, kennysheep_path_1
D:3:      layout_loops_ring, nicolae_elyvilon_peaceful_grove,
          chequers_temple_overflow_statue_of_worship, gammafunk_ghost_arena,
          minmay_rat_hole, uniq_natasha
D:4:      layout_layer_cave, nicolae_yredelemnul_corpse_copse,
          serial_bayou_pond_a, minmay_misc_feat_tiny, kennysheep_cross_room,
          uniq_eustachio, uniq_edmund, uniq_pikel
D:5:      layout_loops_ring, uniq_prince_ribbit1, uniq_menkaure
D:6:      layout_basic, nicolae_overflow_two_pavilions, slow_altar_1,
          temple_green
D:7:      layout_basic
D:8:      layout_cave_pods, kiku_gazebo_garden_becter, jiyva_altar_1
D:9:      layout_rooms, orc_0_dummy, minivault_4, hangedman_feature_mirror
D:10:     wander_river, layout_small_grid, mainiacjoe_overflow_chevrons,
          grunt_qazlal_clouds, dpeg_lair_monsters, serial_shops, shop,
          nicolae_trove_entry_isolated, fungi_pond_lemuel
D:11:     layout_basic, minivault_16
D:12:     layout_long_grid
D:13:     layout_long_grid, david_vaults_2
D:14:     layout_irregular_city, okawaru_ov_weapons_minmay, uniq_snorg
D:15:     grunt_enter_depths_snipers, layout_loops_ring, serial_shops,
          nicolae_diamond_shop, minmay_misc_feat_x, minmay_hidden_floor
Temple:   nicolae_temple_hex_pool
Lair:1:   layout_hall_layers, st_stairs_13, serial_bayou_shore_b,
          infiniplex_staircase_pool_2
Lair:2:   minmay_lair_venomous_thicket, layout_concentric_octagons,
          guppyfry_snake_entry_island, hangedman_tree_tricks, uniq_gastronok
Lair:3:   layout_regular_city, palyth_hydra_swamp_entry
Lair:4:   cheibrodos_magma_flow, layout_long_grid, slime_entry_1,
          infiniplex_staircase_pool
Lair:5:   hellmonk_lair_end_abyssal_woods, layout_cave_pods,
          portal_ice_cave_demonic_guard
Swamp:1:  layout_basic_swamp, serial_swamp_ruin, evilmike_swamp_ruin_rubble_1,
          evilmike_swamp_ruin_house_4, uniq_josephine, uniq_nikola
Swamp:2:  layout_basic_swamp, nicolae_swamp_tree_isthmus, swamp_pool5,
          uniq_kirke
Swamp:3:  layout_basic_swamp, hangedman_swamp_ruin_hall
Swamp:4:  swamp_old_school, layout_basic_swamp, swamp_pool4,
          nicolae_swamp_triple_paths, uniq_bai_suzhen
Snake:1:  layout_layer_cave, serial_shops, bzr_entry_safe, serial_bayou_shore_a,
          grunt_megastairs_4, uniq_asterion, uniq_aizul, uniq_donald, uniq_agnes
Snake:2:  layout_rooms, nicolae_snake_coiling_death
Snake:3:  layout_honeycomb, drop_trap
Snake:4:  grunt_snake_rune_pools, layout_rooms, st_stairs_10, uniq_louise
Orc:1:    layout_diamond_mine, serial_shops, nicolae_shop_waterfront, shop, shop
Orc:2:    pf_orc_diabolical, layout_caves
Elf:1:    layout_loops_ring, hangedman_elf_represent, st_stairs_2
Elf:2:    nicolae_elf_blades_crystal_corner, layout_gridlike, chequers_big_river
Elf:3:    minmay_elf_hall_circle, layout_geoelf_castle, serial_shops,
          nicolae_shop_crystal, nicolae_shop_hallway_plus, uniq_zenata
Vaults:1: biasface_ghost_orc_armoury, ontoclasm_vaults_shuriken, serial_ice_g,
          vaults_room_door_hall, v_misc_3, v_misc_31,
          ontoclasm_vaults_loading_screen, ontoclasm_vaults_decontamination,
          nicolae_vaults_circle_grid_a, nicolae_vaults_windows_and_doors_thing,
          layout_vaults_quadrants
Vaults:2: nzn_ghost_randoct, nicolae_vaults_little_ls, v_rooms_3,
          nicolae_vaults_ring_of_whatevers, v_alt_pattern_5,
          nicolae_vaults_rhombus_5, v_pattern_4, ontoclasm_vaults_ring_large,
          st_smaller_cells, vaults_dpeg_encased_lava,
          minmay_crypt_entry_nasty_monster, hangedman_vaults_hat,
          vaults_room_pools, nicolae_vaults_alarming, layout_vaults_omnicross,
          serial_shops, nicolae_square_shop
Vaults:3: portal_desolation_entry_salt, vaults_room_large_hall,
          dpeg_vaults_waves, nicolae_vaults_mini_display_case,
          ontoclasm_vaults_chip, ontoclasm_vaults_tryst, v_misc_13, v_misc_2,
          ontoclasm_vaults_ring_small, v_misc_1, vaults_dpeg_diagonal,
          ontoclasm_vaults_misaligned, nicolae_vaults_little_squares_5,
          vaults_standard_mumra_x, vaults_room_boxed,
          nicolae_vaults_little_squares_4, v_misc_8, layout_vaults_omnibox,
          serial_shops, shop
Vaults:4: mu_enter_wizlab_2, nicolae_vaults_lopsided_apartments, v_rooms_1,
          grunt_vaults_hallway_short, hangedman_vaults_nails,
          nicolae_vaults_network_periphery, v_misc_32, v_misc_9, v_misc_10,
          nicolae_vaults_angled_halls, v_misc_14,
          nicolae_vaults_little_squares_6, vaults_dpeg_ring,
          layout_vaults_maze_snakey, uniq_sojobo
Vaults:5
Depths:1: layout_long_grid, enter_ziggurat_a, abyss_entry_crystal,
          chequers_hall_statues_wall_a, pan_entry, lightli_too_deep,
          nemelex_diamond_rough_becter, serial_bayou_shore_b
Depths:2: evilmike_marble_ring, layout_gridlike, hangedman_coc_ice_floe,
          gammafunk_ghost_tricky_traps, grunt_pan_entry_sceptre,
          serial_bayou_pond_a, kennysheep_nondecorative_pillar
Depths:3: wad_guarded_room, layout_gridlike, hangedman_tar_grid_catacomb,
          nicolae_uskayaw_dance_hall, abyss_entry,
          amcnicky_mini_rare_corridor_liquid, infiniplex_staircase_zigzag_2,
          minmay_shop_grove, firewood_loft
Depths:4: grunt_zot_entry_gee_three, layout_cave_pools,
          minmay_misc_feat_enclosed, hellmouth_1, minmay_misc_feat_chi
Zot:1:    grunt_zot_stairs_mandelzot, layout_onion, grunt_megastairs_2
Zot:2:    layout_concentric_octagons
Zot:3:    kennysheep_oblong_rooms, layout_cellular_growth
Zot:4:    layout_gridlike, ebering_ghost_rock_garden, grunt_ministairs_14

Skill      XL: |  1  2  3  4  5  6  7  8  9 10 11 12 13 14 15 16 17 18 19 20 21 22 23 24 25 |
---------------+----------------------------------------------------------------------------+-----
Ranged Weapons | 5 6 7 8 10 14 17 18 19 20 21 22 | 22.1
Stealth        | 2 3 4 5 6 7 9 10 11 13 15 16 17 | 17.9
Dodging        | 3 4 5 6 8 10 12 14 15 17 18 19 20 | 20.4
Fighting       | 3 4 5 6 7 8 9 10 11 12 13 14 15 17 18 | 18.0
Long Blades    | 2 3 4 8 15 20 21 22 23 | 23.4
Armour         | 2 4 6 8 9 10 11 12 13 16 20 22 | 22.3
Short Blades   | 4 6 8 9 10 11 12 13 | 13.0
Evocations     | 3 4 |  4.9

Action                   |  1- 3 |  4- 6 |  7- 9 | 10-12 | 13-15 | 16-18 | 19-21 | 22-24 | 25-27 || total
-------------------------+-------+-------+-------+-------+-------+-------+-------+-------+-------++-------
Melee: Dagger            |       |       |       |       |     4 |       |       |       |       ||     4
       Kick              |       |       |       |       |     1 |     7 |   207 |   713 |   232 ||  1160
       Peck              |       |       |       |       |     1 |     2 |   114 |   411 |   141 ||   669
       Great sword       |       |       |       |       |     1 |       |       |       |       ||     1
       Quick blade       |       |       |       |       |       |    17 |    35 |       |       ||    52
       Triple sword      |       |       |       |       |       |       |   376 |  1272 |   413 ||  2061
       Rapier            |       |       |       |       |       |       |       |     8 |       ||     8
 Fire: Shortbow          |    86 |   168 |   481 |     3 |       |       |       |       |       ||   738
       Arbalest          |       |       |       |   339 |   897 |   921 |   916 |    66 |    40 ||  3179
Invok: Brothers in Arms  |       |       |       |       |     2 |     4 |     2 |     4 |     2 ||    14
       Berserk           |       |       |       |       |       |     1 |       |       |       ||     1
       Trog's Hand       |       |       |       |       |       |       |       |       |     1 ||     1
 Abil: Evoke Blink       |       |       |       |       |       |       |     2 |       |       ||     2
Evoke: Wand              |       |       |     3 |       |       |       |       |       |     1 ||     4
  Use: Scroll            |    10 |     2 |     2 |    12 |    11 |     5 |    15 |    15 |     5 ||    77
       Potion            |     2 |     1 |     3 |       |     2 |     4 |     6 |     1 |     4 ||    23
 Stab: Sleeping          |       |       |       |       |     5 |     3 |    31 |    27 |     4 ||    70
       Distracted        |       |       |       |       |       |       |     4 |    10 |     4 ||    18
Armor: Leather armour    |    11 |    12 |    44 |       |     1 |     9 |       |       |       ||    77
       Chain mail        |       |       |    47 |    42 |       |       |       |       |       ||    89
       Acid dragon scale |       |       |       |     5 |    63 |     4 |       |       |       ||    72
       Ice dragon scales |       |       |       |       |       |    56 |   140 |    74 |       ||   270
       Storm dragon scal |       |       |       |       |       |       |       |   202 |   165 ||   367
Dodge: Dodged            |    29 |    43 |   199 |   100 |   406 |   591 |  1231 |  2033 |   781 ||  5413

Table legend: (Time is in decaauts)
 A = Elapsed time spent in this place.
 B = Non-inter-level travel time spent in this place.
 C = Inter-level travel time spent in this place.
 D = Time resting spent in this place.
 E = Time spent auto-exploring this place.
 F = Levels seen in this place.
 G = Mean time per level.
                   A        B        C        D        E       F      G
               +--------+--------+--------+--------+--------+-----+--------+
         Total |  49402 |  44446 |   4956 |   6888 |  25251 |  49 | 1008.2 |
       Dungeon |  17124 |  15433 |   1691 |   3294 |   8710 |  15 | 1141.6 |
        Temple |    113 |     94 |     19 |      0 |     67 |   1 |  113.0 |
          Lair |   4789 |   4017 |    772 |     67 |   2888 |   5 |  957.8 |
         Swamp |   2476 |   2379 |     97 |    272 |   1537 |   4 |  619.0 |
     Snake Pit |   4510 |   3857 |    653 |    485 |   2326 |   4 | 1127.5 |
  Orcish Mines |   1587 |   1246 |    341 |     44 |    752 |   2 |  793.5 |
   Elven Halls |   3753 |   3474 |    279 |    703 |   1881 |   3 | 1251.0 |
        Vaults |   7269 |   6726 |    543 |    829 |   3587 |   5 | 1453.8 |
        Depths |   4502 |   4088 |    414 |    484 |   2433 |   4 | 1125.5 |
           Zot |   2187 |   2044 |    143 |    558 |    786 |   4 |  546.8 |
      Ice Cave |     90 |     90 |      0 |     23 |      0 |   1 |   90.0 |
    Desolation |    997 |    997 |      0 |    126 |    280 |   1 |  997.0 |
               +--------+--------+--------+--------+--------+-----+--------+

Top non-repeatable levels by time:
     D:5: 1976 daAuts
   Elf:3: 1971 daAuts
     D:4: 1844 daAuts
Vaults:1: 1823 daAuts
 Snake:1: 1780 daAuts
Vaults:5: 1628 daAuts
     D:6: 1595 daAuts
Depths:2: 1515 daAuts
     D:7: 1490 daAuts
   Zot:2: 1451 daAuts
    D:15: 1439 daAuts
Vaults:2: 1407 daAuts
     D:3: 1390 daAuts
Vaults:4: 1381 daAuts
 Snake:3: 1272 daAuts
